 Dungeon Crawl Stone Soup version 0.16-a0-3728-gc6b4a4b (webtiles) character file.

1566 DEFE the Carver (level 8, -2/56 HPs)
             Began as a High Elf Fighter on Jan 22, 2015.
             Slain by Prince Ribbit (10 damage)
             ... on level 6 of the Dungeon.
             The game lasted 00:15:44 (7105 turns).

DEFE the Carver (High Elf Fighter)                  Turns: 7105, Time: 00:15:44

Health: -2/56      AC: 13    Str: 17    XL:     8   Next: 59%
Magic:  16/16      EV:  9    Int: 11    God:
Gold:   351        SH:  0    Dex: 16    Spells: 0 memorised, 7 levels left

rFire  . . .     SeeInvis .     a - +0 long sword
rCold  . . .     Clarity  .     o - +0 chain mail
rNeg   . . .     SustAb   .     (no shield)
rPois  .         Gourm    .     n - +0 helmet
rElec  .         Spirit   .     t - +0 cloak
rCorr  .         Warding  .     l - +0 pair of gloves
rMut   .         Stasis   .     (no boots)
MR     .....                    (no amulet)
Stlth  ..........               v - ring of invisibility
                                p - ring of stealth

@: not resistant to hostile enchantments, extremely unstealthy
A: no striking features
a: Evoke Invisibility


You were on level 6 of the Dungeon.
You were hungry.

You visited 1 branch of the dungeon, and saw 6 of its levels.

You collected 351 gold pieces.

Inventory:

Hand weapons
 a - a +0 long sword (weapon)
Armour
 b - a +0 scale mail
 c - a +0 shield
 l - a +0 pair of gloves (worn)
 n - a +0 helmet (worn)
 o - a +0 chain mail (worn)
 t - a +0 cloak (worn)
Jewellery
 p - a ring of stealth (left hand)
 v - a ring of invisibility (right hand)
 w - an uncursed ring of positive energy
Scrolls
 h - a scroll of recharging
 j - 2 scrolls of amnesia
 k - 3 scrolls of remove curse
 r - a scroll of noise
 u - a scroll of enchant weapon
Potions
 f - 2 potions of curing
 i - a potion of cure mutation
 s - 5 potions of flight
Books
 e - a book of Annihilations {highlevel, unknown}

   This book is beyond your current level of understanding.

   Spells                             Type                      Level
   a - Poison Arrow                   Conjuration/Poison           6
   b - Chain Lightning                Conjuration/Air              8
   c - Lehudib's Crystal Spear        Conjuration/Earth            8
   d - Glaciate                       Conjuration/Ice              9
   e - Fire Storm                     Conjuration/Fire             9
 m - a book of Necromancy

   Spells                             Type                      Level
   a - Pain                           Necromancy                   1
   b - Animate Skeleton               Necromancy                   1
   c - Vampiric Draining              Necromancy                   3
   d - Regeneration                   Charms/Necromancy            3
   e - Animate Dead                   Necromancy                   4
   f - Control Undead                 Necromancy                   4
Comestibles
 d - 5 bread rations
 q - a meat ration


   Skills:
 + Level 5.5 Fighting
 * Level 8.5 Long Blades
 + Level 5.1 Armour
 + Level 4.6 Dodging
 - Level 2.6 Shields
 + Level 2.2 Evocations


You had 7 spell levels left.
You didn't know any spells.

Dungeon Overview and Level Annotations

Branches:
Dungeon (6/15)
 Temple: D:4-7

Altars:
Cheibriados
Dithmenos
Nemelex Xobeh
Qazlal
Trog
Vehumet
The Shining One

Shops:
D:5 %   D:6 ?

Annotations:
D:6 Prince Ribbit


Message History

Prince Ribbit hits you!
You miss Prince Ribbit.
Prince Ribbit is heavily wounded.
Prince Ribbit barely misses you. Prince Ribbit hits you.
You miss Prince Ribbit.
Prince Ribbit is heavily wounded.
Prince Ribbit hits you but does no damage.
Prince Ribbit momentarily phases out as your attack passes through him.
Prince Ribbit is heavily wounded.
Prince Ribbit hits you.
* * * LOW HITPOINT WARNING * * *
You are too injured to fight recklessly!
You are too injured to fight recklessly!
Prince Ribbit hits you!
* * * LOW HITPOINT WARNING * * *
Prince Ribbit misses you.
Drink which item? (? for menu, Esc to quit)
You feel better. Prince Ribbit closely misses you. Prince Ribbit hits you!
You die...

## #### #. ..#
#.######^#####
#_........#..
####...#.##..#.######
.........##..#........
#....@F.........# #
#.............#.##.#
##..#####.###......#
#........# #.).##
##.#####.###.### #+#
#.....# ###..#####.#
####........#
#.......#####


You could see Prince Ribbit.

Vanquished Creatures
  A troll (D:6)
  Grinder (D:5)
  2 sky beasts (D:6)
  An ogre (D:4)
  A centaur (D:6)
  2 giant frogs (D:6)
  2 scorpions
  A crimson imp (D:6)
  A centaur skeleton (D:4)
  An orc priest (D:5)
  3 hounds
  An orc wizard (D:4)
  3 worker ants (D:4)
  A worker ant zombie (D:5)
  Robin (D:3)
  10 adders
  2 gnolls (D:6)
  A shadow imp (D:5)
  2 worms
  An adder skeleton (D:5)
  3 giant geckos
  An ooze (D:3)
  10 orcs
  A ball python (D:4)
  14 bats
  3 giant cockroaches
  27 goblins
  12 hobgoblins
  8 jackals
  A quokka (D:6)
  3 giant newts
  9 kobolds
  A quokka skeleton (D:6)
  12 rats
143 creatures vanquished.

Vanquished Creatures (others)
  An orc wizard (D:5)
1 creature vanquished.

Grand Total: 144 creatures vanquished

Notes
Turn   | Place    | Note
--------------------------------------------------------------
     0 | D:1      | DEFE, the High Elf Fighter, began the quest for the Orb.
     0 | D:1      | Reached XP level 1. HP: 16/16 MP: 2/2
   200 | D:1      | Reached XP level 2. HP: 19/21 MP: 3/3
  1098 | D:2      | Reached XP level 3. HP: 26/26 MP: 5/5
  1755 | D:3      | Reached skill level 1 in Dodging
  1919 | D:3      | Noticed Robin
  2083 | D:3      | Reached skill level 4 in Long Blades
  2086 | D:3      | Killed Robin
  2086 | D:3      | Reached XP level 4. HP: 26/31 MP: 7/7
  3385 | D:4      | Found a stormy altar of Qazlal.
  3397 | D:4      | Reached XP level 5. HP: 36/36 MP: 8/8
  3629 | D:4      | Reached skill level 5 in Long Blades
  3827 | D:4      | Noticed an ogre
  3834 | D:4      | Killed an ogre
  3834 | D:4      | Reached XP level 6. HP: 37/43 MP: 10/10
  3919 | D:4      | Found a glowing golden altar of the Shining One.
  4063 | D:4      | Reached skill level 6 in Long Blades
  4479 | D:5      | Entered Level 5 of the Dungeon
  4934 | D:5      | Reached XP level 7. HP: 16/49 MP: 12/12
  5139 | D:5      | Found a bloodstained altar of Trog.
  5139 | D:5      | Found a sparkling altar of Nemelex Xobeh.
  5139 | D:5      | Found a snail-covered altar of Cheibriados.
  5266 | D:5      | Found a sparkling altar of Nemelex Xobeh.
  5350 | D:5      | Found a shadowy altar of Dithmenos.
  5402 | D:5      | Found Khangiji's Food Shop.
  5702 | D:5      | Noticed Grinder
  5711 | D:5      | Killed Grinder
  5711 | D:5      | Reached skill level 7 in Long Blades
  6169 | D:6      | Noticed a troll
  6352 | D:6      | Found Gauret's Magic Scroll Emporium.
  6367 | D:6      | Reached skill level 5 in Fighting
  6367 | D:6      | Reached XP level 8. HP: 44/55 MP: 13/13
  6606 | D:6      | Killed a troll
  6606 | D:6      | Reached skill level 1 in Evocations
  6820 | D:6      | Reached skill level 8 in Long Blades
  6876 | D:6      | Reached skill level 5 in Armour
  7069 | D:6      | Found a radiant altar of Vehumet.
  7070 | D:6      | Noticed Prince Ribbit
  7100 | D:6      | HP: 2/56 [Prince Ribbit (11)]
  7105 | D:6      | Slain by Prince Ribbit

Action                   |  1- 3 |  4- 6 |  7- 9 || total
-------------------------+-------+-------+-------++-------
Melee: Long sword        |   142 |   261 |   209 ||   612
 Abil: Evoke Invisibilit |       |       |     1 ||     1
  Use: Scroll            |     1 |     5 |     5 ||    11
       Potion            |       |     4 |     4 ||     8
 Stab: Invisible         |       |       |     1 ||     1
  Eat: Chunk             |     3 |     8 |     6 ||    17
       Beef jerky        |       |     1 |       ||     1
       Pizza             |       |       |     1 ||     1
